 Dungeon Crawl Stone Soup version 0.21-a0-203-gb066a6e (webtiles) character file.

3 namelastname112 the Magician (level 1, -1/15 HPs)
             Began as a Demonspawn Wanderer on Aug 19, 2017.
             Slain by a hobgoblin (3 damage)
             ... on level 1 of the Dungeon.
             The game lasted 00:01:08 (313 turns).

namelastname112 the Magician (Demonspawn Wanderer)   Turns: 313, Time: 00:01:09

Health: -1/15      AC:  2    Str: 13    XL:     1   Next: 41%
Magic:  5/5        EV: 11    Int: 11    God:
Gold:   19         SH:  0    Dex: 13    Spells: 7/8 levels left

rFire    . . .     SeeInvis .   (no weapon)
rCold    . . .     Gourm    .   (no shield)
rNeg     . . .     Faith    .   d - +0 robe
rPois    .         Spirit   .   (no helmet)
rElec    .         Reflect  .   (no cloak)
rCorr    .         Harm     .   (no gloves)
MR       .....                  (no boots)
Stlth    +.........             (no amulet)
HPRegen  0.05/turn              (no ring)
MPRegen  0.09/turn              (no ring)

@: no status effects
A: no striking features
a: no special abilities


You were on level 1 of the Dungeon.
You were not hungry.

You visited 1 branch of the dungeon, and saw 1 of its levels.

You collected 19 gold pieces.

Inventory:

Armour
 d - a +0 robe (worn)
Scrolls
 e - a scroll of fog {unknown}
Books
 b - Sif Muna's Incunabulum of the Entourage

   Spells                             Type                      Level
   a - Summon Butterflies             Summoning                    1
   b - Recall                         Summoning/Translocation      3
 c - the Collected Works on Transmigration

   Spells                             Type                      Level
   a - Beastly Appendage              Transmutation                1
   b - Spider Form                    Transmutation/Poison         3
Comestibles
 a - a meat ration
 f - a bread ration


   Skills:
 - Level 1.0 Fighting
 - Level 1.0 Throwing
 - Level 1.7 Armour
   Level 1.0 Shields
 * Level 0.1 Unarmed Combat
 + Level 4.0 Spellcasting
 + Level 0.3 Transmutations
   Level 1.0 Fire Magic


You had 7 spell levels left.
You knew the following spells:

 Your Spells              Type           Power        Failure   Level  Hunger
a - Beastly Appendage     Tmut           #.....       21%         1    #......


Dungeon Overview and Level Annotations

Branches:
Dungeon (1/15)

Altars:


Message History

You are too injured to fight recklessly!
You are too injured to fight recklessly!
You are too injured to fight recklessly!
You barely miss the hobgoblin.
The hobgoblin is heavily wounded.
The hobgoblin hits you.
* * * LOW HITPOINT WARNING * * *
You take 1 damage, and have 4/15 hp.
You closely miss the hobgoblin.
The hobgoblin is heavily wounded.
The hobgoblin hits you.
* * * LOW HITPOINT WARNING * * *
You take 2 damage, and have 2/15 hp.
The hobgoblin hits you.
* * * LOW HITPOINT WARNING * * *
You take 2 damage, and have 1/15 hp.
The hobgoblin misses you.
There is a stone staircase leading down here.
The hobgoblin hits you.
You die...

## ## ##. .# ..#.
#### #. ... #.. #.#
#.# #.# #.#
#.###.##########
#.####..............#
#.##.......>g....##.#
#.##.#####.@###..##.#
######†##.# #..#
#..##.# ..........#
#..# #..##.#
######.#### #..#
#..##.# #.# #..#
#.###.# #.# #..# #.#
#.# #...#
#..###.###.# ###.#
#........#.# .#
#..###.#.#.#


You could see a hobgoblin.

Vanquished Creatures
  A kobold (D:1)
  A bat (D:1)
  A frilled lizard (D:1)
  A rat (D:1)
4 creatures vanquished.

Notes
Turn   | Place    | Note
-------+----------+-------------------------------------------
     0 | D:1      | namelastname112 the Demonspawn Wanderer began the quest for the Orb.
     0 | D:1      | namelastname112 set off with: a +0 shield, Sif Muna's Incunabulum of the Entourage, the Collected Works on Transmigration, a +0 robe, a +0 club, a bread ration
     0 | D:1      | Reached XP level 1. HP: 15/15 MP: 5/5
     0 | D:1      | epen: бля
     0 | D:1      | Identified Sif Muna's Incunabulum of the Entourage
     0 | D:1      | epen: демонспавны
     0 | D:1      | Identified the Collected Works on Transmigration
     0 | D:1      | epen: Боооооринг
     1 | D:1      | epen: бери кота уже
     3 | D:1      | Learned a level 1 spell: Beastly Appendage
     3 | D:1      | epen: заебал
     3 | D:1      | namelastname112: лол
     3 | D:1      | namelastname112: ну ща
     3 | D:1      | namelastname112: помру
     3 | D:1      | namelastname112: уж
    65 | D:1      | epen: короче
   216 | D:1      | epen: рассказываю как быстро выиграть
   223 | D:1      | epen: берёшь
   240 | D:1      | epen: и выходишь из данжена
   243 | D:1      | epen: сразу
   313 | D:1      | Slain by a hobgoblin

Vault maps used:
D:1:      dpeg_arrival_round_a

Action                   || total
-------------------------++-------
Melee: Unarmed           ||    28
Armor: Robe              ||     4
Dodge: Dodged            ||    18
